 Dungeon Crawl Stone Soup version 0.31.0-9-g3a7656b989 (webtiles) character file.

Game seed: 548774437936343080

8 Colgate the Poker (level 2, 24/24 HPs)
             Began as a Demonspawn Cinder Acolyte on Feb 2, 2024.
             Was a High Priest of Ignis.
             Quit the game on level 1 of the Dungeon.
             The game lasted 00:00:14 (177 turns).

Colgate the Poker (Demonspawn Cinder Acolyte)        Turns: 177, Time: 00:00:15

Health: 24/24      AC:  9    Str: 14    XL:     2   Next: 0%
Magic:  3/3        EV: 13    Int: 14    God:    Ignis [*****.]
Gold:   10         SH:  0    Dex:  8    Spells: 3/3 levels left

rFire   + . .        a - -1 spear (flame)
rCold   . . .        (no shield)
rNeg    . . .        b - +0 robe
rPois   .            (no helmet)
rElec   .            (no cloak)
rCorr   .            (no gloves)
SInv    .            (no boots)
Will    .....        (no amulet)
Stlth   +            (no ring)
HPRegen 0.24/turn    (no ring)
MPRegen 0.08/turn

%: no passive effects
@: fiery-armoured
A: repulsion field 1
a: Renounce Religion, Fiery Armour, Foxfire Swarm, Rising Flame


You were on level 1 of the Dungeon.
You worshipped Ignis.
Ignis was extremely pleased with you.
You visited 1 branch of the dungeon, and saw 1 of its levels.

You collected 10 gold pieces.

Inventory:

Hand Weapons
 a - a -1 spear of flaming (weapon)
Armour
 b - a +0 robe (worn)


   Skills:
 - Level 3.0 Fighting
 + Level 3.2 Polearms
 - Level 1.0 Spellcasting
 - Level 2.6 Fire Magic


You had 3 spell levels left.
You didn't know any spells.
Your spell library contained the following spells:

 Spells                   Type           Power      Damage    Failure   Level
 Scorch                   Fire           16%        2d5       13%         2


Dungeon Overview and Level Annotations

Branches:
Dungeon (1/15)

Altars:


Innate Abilities, Weirdness & Mutations

You are surrounded by a mild repulsion field. (EV +2)


Message History

You kill the rat!
Key pressed, stopping explore.
No target in view!
Key pressed, stopping explore.
No target in view!
Key pressed, stopping explore.
No target in view!
Key pressed, stopping explore.
No target in view!
You now have 10 gold pieces (gained 8).
A bat comes into view.
An endoplasm comes into view.
There are monsters nearby!
The bat barely misses you. The bat hits you but does no damage.
The bat is burned by your cloak of flames.
There are monsters nearby!
You hit the bat. You burn the bat.
You kill the bat!
An endoplasm is nearby!
You see here a bat corpse.
An endoplasm is nearby!
A goblin comes into view. It is wielding a +0 dagger.
The goblin shouts!
There are monsters nearby!
A hobgoblin comes into view.
There are monsters nearby! 2 jackals and an endoplasm come into view.
Found a silvery potion.
Found a stone staircase leading down.
The hobgoblin shouts!
A jackal comes into view.
There are monsters nearby!
The jackal barks!
You hit the endoplasm. You burn the endoplasm.
The endoplasm hits you but does no damage.
The endoplasm is burned by your cloak of flames.
You kill the endoplasm!
You have reached level 2!
Your demonic ancestry asserts itself...
You begin to radiate repulsive energy.
Are you sure you want to abandon this character and quit the game? (Confirm with "yes".)

..#
#...).....†.......
..#
#..#..............
..#
#.#.#..####.#....##
#..........#
#.#....#
............
#.#.!..#
.....#.##.##.
#†#....# .#...#.
#.# .##.#....###
#.. .. ..#
##........#
##@####..
....h.Jg.#
#.#..h...# #.###.g#
.h #... #> #.... .
.#... . ....


You could see an endoplasm, 3 jackals, a hobgoblin and a goblin.

Vanquished Creatures
  A bat (D:1)
  An endoplasm (D:1)
  A goblin (D:1)
  2 quokkas (D:1)
  A ball python (D:1)
  A rat (D:1)
7 creatures vanquished.

Notes
Turn   | Place    | Note
-------+----------+-------------------------------------------
     0 | D:1      | Colgate the Demonspawn Cinder Acolyte began the quest for
                  | the Orb.
     0 | D:1      | Reached XP level 1. HP: 18/18 MP: 2/2
   177 | D:1      | Gained mutation: You are surrounded by a mild repulsion
                  | field. (EV +2) [demonic ancestry]
   177 | D:1      | Reached XP level 2. HP: 24/24 MP: 3/3
   177 | D:1      | Quit the game

Illustrated notes

Levels and vault maps discovered:
D:1:      dpeg_arrival_simpleton_a, layout_loops_cross

Skill      XL: |  1 |
---------------+----+-----
Polearms       | 3 |  3.2
Fighting       | |  3.0
Spellcasting   | |  1.0
Fire Magic     | |  2.6

Action                     || total
---------------------------++-------
  Melee: Spear             ||    17
 Invoke: Fiery Armour      ||     1
 Armour: Robe              ||    11
  Dodge: Dodged            ||     6
